 Dungeon Crawl Stone Soup version 0.30.1 (webtiles) character file.

Game seed: 256948615957509143

513 ANNNA the Conjurer (level 7, 0/38 HPs)
             Began as a Kobold Conjurer on July 5, 2023.
             Was an Initiate of Ashenzari.
             Succumbed to a killer bee's poison
             ... on level 4 of the Dungeon.
             The game lasted 00:23:25 (5913 turns).

ANNNA the Conjurer (Kobold Conjurer)                Turns: 5913, Time: 00:23:25

Health: 0/38       AC: 11    Str:  7    XL:     7   Next: 43%
Magic:  6/13       EV: 13    Int: 19    God:    Ashenzari [......]
Gold:   224        SH:  0    Dex: 13    Spells: 11/14 levels left

rFire   + . .        k - +0 short sword
rCold   . . .        (no shield)
rNeg    . . .        w - +2 ring mail {rF+}
rPois   .            (no helmet)
rElec   .            f - +0 cloak
rCorr   .            (no gloves)
SInv    .            v - +2 pair of boots
Will    .....        u - amulet of regeneration
Stlth   +++          (no ring)
HPRegen 1.06/turn    (no ring)
MPRegen 0.13/turn

%: no passive effects
@: lethally poisoned (0 -> -8)
A: small, no large weapons, nightstalker 3
a: Renounce Religion


You were on level 4 of the Dungeon.
You worshipped Ashenzari.
Ashenzari was noncommittal.
You visited 2 branches of the dungeon, and saw 6 of its levels.

You collected 287 gold pieces.
You spent 63 gold pieces at shops.

Inventory:

Hand Weapons
 k - a +0 short sword (weapon)
 p - a +0 spear
Missiles
 e - 37 stones (quivered)
 g - 6 poisoned darts
 q - 3 throwing nets
Armour
 f - a +0 cloak (worn)
 o - a +0 leather armour
 v - a +2 pair of boots (worn)
 w - a +2 ring mail of fire resistance (worn)
Jewellery
 s - an amulet of reflection
 u - an amulet of regeneration (around neck)
Scrolls
 d - a scroll of fog
 h - a scroll of enchant armour {unknown}
 i - a scroll of immolation {unknown}
 m - a scroll of amnesia {unknown}
 n - a scroll of brand weapon {unknown}
 t - a scroll of teleportation
Potions
 a - 2 potions of might
 b - 2 potions of magic
 c - 2 potions of berserk rage
 j - 2 potions of curing
 l - 2 potions of heal wounds {unknown}
 r - a potion of mutation {unknown}


   Skills:
 + Level 1.1 Fighting
 + Level 1.7 Short Blades
 + Level 1.0 Armour
 * Level 3.9 Dodging
 * Level 5.5 Stealth
 + Level 0.5 Unarmed Combat
 * Level 4.0 Spellcasting
 + Level 5.5 Conjurations


You had 11 spell levels left.
You knew the following spells:

 Your Spells              Type           Power      Damage    Failure   Level
a - Magic Dart            Conj           100%       1d8       4%          1
b - Searing Ray           Conj           50%        2d6       7%          2

Your spell library contained the following spells:

 Spells                   Type           Power      Damage    Failure   Level
 Dazzling Flash           Conj/Hex       28%        N/A       41%         3
 Ensorcelled Hibernation  Hex/Ice        6%         N/A       56%         2
 Passwall                 Tmut/Erth      2%         N/A       56%         2
 Gell's Gravitas          Tloc           3%         N/A       80%         3
 Swiftness                Air            3%         N/A       80%         3
 Teleport Other           Tloc           3%         N/A       80%         3
 Fulminant Prism          Conj/Hex       7%         3d7       83%         4
 Iskenderun's Mystic Bla  Conj/Tloc      14%        2d5       83%         4
 Dispersal                Tloc           1%         N/A       100%        6


Dungeon Overview and Level Annotations

Branches:
Dungeon (5/15)             Temple (1/1) D:4

Altars:
Ashenzari
Gozag
Hepliaklqana
Kikubaaqudgha
Nemelex Xobeh
Okawaru
Ru
Sif Muna
Uskayaw
Wu Jian
Xom
Zin

Shops:
D:4 *

Annotations:
D:2 1 runed translucent door, Crazy Yiuf
D:4 Edmund


Innate Abilities, Weirdness & Mutations

You are small and have problems with some larger weapons.
You are completely attuned to the shadows.


Message History

Aiming: Searing Ray (safe; 7% risk of failure)
Press: ? - help, Shift-Dir - straight line, f - orc wizard
Aim: an orc wizard, wielding a +0 dagger and wearing a +0 robe (74% to hit)
The searing ray hits the orc wizard!
The orc wizard is heavily wounded. (Press . to maintain the ray.)
You feel very sick. The killer bee stings you.
* * * LOW HITPOINT WARNING * * *
The killer bee stings you but does no damage.
The orc wizard closely misses you.
Casting: Searing Ray (safe; 7% risk of failure)
Confirm with . or Enter, or press ? or * to list all spells.
Restarting spell: Searing Ray (safe; 7% risk of failure)
Press: ? - help, Shift-Dir - straight line, f - killer bee, p - orc wizard
Aim: a killer bee (58% to hit)
The searing ray hits the killer bee!
The killer bee is severely wounded.
The searing ray hits the orc.
The orc is severely wounded. (Press . to maintain the ray.)
You feel very sick. The killer bee stings you.
* * * LOW HITPOINT WARNING * * *
You are lethally poisoned!
The killer bee poisons you! The killer bee barely misses you.
The killer bee misses you.
The orc wizard hits you with a +0 dagger.
* * * LOW HITPOINT WARNING * * *
Casting: Searing Ray (safe; 7% risk of failure)
Confirm with . or Enter, or press ? or * to list all spells.
Restarting spell: Searing Ray (safe; 7% risk of failure)
Press: ? - help, Shift-Dir - straight line, f/p - killer bee
Aim: a killer bee (severely wounded, 58% to hit)
The searing ray hits the killer bee but does no damage.
The killer bee is severely wounded.
The searing ray hits the orc!
You kill the orc! (Press . to maintain the ray.)
You die...

....#...####
#........#.#
##....##...###
##...###.....#
##.).........#
.............#
.............## ###
#.............#####.##
.)............##@#)..#
.......#.......yyo..##
.......#.......y)....#
..............>......#
.......###..........##
.........#......#..##
###.#..........#####
..#.##........###
................#


You could see 3 killer bees and an orc wizard.

Vanquished Creatures
  A killer bee (D:4)
  2 hounds
  A jelly (D:4)
  2 orc priests
  A gnoll bouda (D:4)
  Jessica (D:2)
  An iguana (D:5)
  An orc wizard (D:3)
  7 adders
  5 gnolls (D:4)
  An ufetubus (D:5)
  A worm (D:4)
  18 orcs
  7 ball pythons
  2 endoplasms
  A giant cockroach (D:1)
  12 goblins
  7 hobgoblins
  6 kobolds
  A quokka (D:3)
  3 bats
  3 frilled lizards
  7 rats
91 creatures vanquished.

Notes
Turn   | Place    | Note
-------+----------+-------------------------------------------
     0 | D:1      | ANNNA the Kobold Conjurer began the quest for the Orb.
     0 | D:1      | Reached XP level 1. HP: 10/10 MP: 3/3
   141 | D:1      | Reached XP level 2. HP: 15/15 MP: 0/5
   147 | D:1      | Learned a level 2 spell: Searing Ray
   630 | D:1      | Reached XP level 3. HP: 18/19 MP: 2/6
  1166 | D:2      | Noticed Jessica
  1398 | D:2      | Reached XP level 4. HP: 24/24 MP: 5/7
  1435 | D:2      | Found a runed translucent door.
  1438 | D:2      | Noticed Crazy Yiuf
  1496 | D:2      | Killed Jessica
  1497 | D:2      | Reached skill level 5 in Conjurations
  2218 | D:3      | Found an ornate altar of the Wu Jian Council.
  2230 | D:3      | Found a sparkling altar of Nemelex Xobeh.
  2504 | D:3      | Reached XP level 5. HP: 28/28 MP: 4/9
  3467 | D:3      | Reached XP level 6. HP: 33/33 MP: 5/10
  3726 | D:4      | Reached skill level 1 in Short Blades
  4056 | D:4      | Reached skill level 5 in Stealth
  4205 | D:4      | Found a staircase to the Ecumenical Temple.
  4211 | Temple   | Entered the Ecumenical Temple
  4481 | Temple   | Became a worshipper of Ashenzari the Shackled
  4589 | D:4      | Reached skill level 1 in Fighting
  4784 | D:4      | Found Pacrareetz's Assorted Antiques.
  4792 | D:4      | Reached XP level 7. HP: 38/38 MP: 4/12
  4794 | D:4      | Bought a scroll of teleportation for 63 gold pieces
  4919 | D:5      | Entered Level 5 of the Dungeon
  4934 | D:5      | Found a shimmering altar of Xom.
  5627 | D:5      | Reached skill level 1 in Armour
  5714 | D:5      | Noticed Edmund
  5913 | D:4      | Succumbed to a killer bee's poison

Illustrated notes

Levels and vault maps discovered:
D:1:      heliophobic_arrival_glass_houses, layout_rooms, nrook_mini_backslash
D:2:      layout_basic, uniq_crazy_yiuf_cottage, uniq_jessica
D:3:      layout_basic, mainiacjoe_overflow_large_starburst
D:4:      layout_cave_pools, minmay_temple_entry_poolview,
          kennysheep_windowed_goal
D:5:      layout_basic, old_standard_altar, lemuel_crystal_altar,
          ebering_ghost_rock_garden, uniq_pikel, uniq_edmund
Temple:   compressed_dpeg_triangle_lava_temple

Skill      XL: |  1  2  3  4  5  6  7 |
---------------+----------------------+-----
Stealth        | 3 4 5 |  5.5
Conjurations   | 5 |  5.5
Dodging        | 3 |  3.9
Spellcasting   | 3 4 |  4.0
Short Blades   | 1 |  1.7
Fighting       | 1 |  1.1
Armour         | 1 |  1.0
Unarmed Combat | |  0.5

Action                     |  1- 3 |  4- 6 |  7- 9 || total
---------------------------+-------+-------+-------++-------
  Melee: Unarmed           |     4 |       |       ||     4
         Dagger            |    18 |    10 |       ||    28
         Punch             |     1 |       |       ||     1
         Short sword       |       |    28 |     1 ||    29
   Cast: Magic Dart        |    44 |    48 |     4 ||    96
         Searing Ray       |     1 |    22 |    12 ||    35
    Use: Scroll            |     3 |     6 |     2 ||    11
         Potion            |       |     1 |       ||     1
   Stab: Sleeping          |     1 |     3 |       ||     4
 Armour: Robe              |     2 |    10 |       ||    12
         Leather armour    |       |     3 |     8 ||    11
         Ring mail         |       |       |    11 ||    11
  Dodge: Dodged            |    21 |    50 |    37 ||   108
